 Dungeon Crawl Stone Soup version 0.30.0-29-ga12c61a403 (webtiles) character file.

Game seed: 12502757862489024315

159 Sabo the Chopper (level 5, -4/39 HPs)
             Began as a Demonspawn Gladiator on June 3, 2023.
             Was an Initiate of Ru.
             Slain by Eustachio
             ... wielding a +1 rapier of holy wrath
              (6 damage)
             ... on level 4 of the Dungeon.
             The game lasted 00:16:46 (3320 turns).

Sabo the Chopper (Demonspawn Gladiator)             Turns: 3320, Time: 00:16:47

Health: -4/39      AC:  7    Str: 16    XL:     5   Next: 17%
Magic:  0/5        EV: 10    Int:  9    God:    Ru [......]
Gold:   159        SH:  0    Dex: 15    Spells: 4/4 levels left

rFire   . . .        a - +0 war axe
rCold   . . .        (no shield)
rNeg    . . .        i - +1 scale mail
rPois   .            (helmet restricted)
rElec   .            (no cloak)
rCorr   .            (no gloves)
SInv    .            (no boots)
Will    .....        m - amulet of guardian spirit Stlth
                     (no ring)
HPRegen 0.26/turn    (no ring)
MPRegen 0.09/turn

%: guardian spirit
@: no status effects
A: horns 2, demonic guardian 1, no stealth
a: Renounce Religion


You were on level 4 of the Dungeon.
You worshipped Ru.
Ru was noncommittal.
You visited 1 branch of the dungeon, and saw 4 of its levels.

You collected 159 gold pieces.

Inventory:

Hand Weapons
 a - a +0 war axe (weapon)
 o - a +1 sling of draining
Missiles
 d - 3 throwing nets (quivered)
 e - a javelin
Armour
 i - a +1 scale mail (worn)
Jewellery
 m - an amulet of guardian spirit (around neck)
Scrolls
 c - 2 scrolls of teleportation
 h - a scroll of immolation {unknown}
 k - a scroll of enchant weapon {unknown}
 q - 2 scrolls of enchant armour
Potions
 j - a potion of ambrosia {unknown}
 n - a potion of lignification {unknown}
 p - a potion of heal wounds {unknown}
 r - a potion of berserk rage {unknown}
 s - a potion of invisibility {unknown}


   Skills:
 + Level 2.5 Fighting
 + Level 4.0 Axes
 + Level 1.9 Throwing
 + Level 2.1 Armour
 + Level 3.2 Dodging


You had 4 spell levels left.
You didn't know any spells.
Your spell library contained the following spells:

 Spells                   Type           Power      Damage    Failure   Level
 Blink                    Tloc           0%         N/A       92%         2
 Lesser Beckoning         Tloc           0%         N/A       92%         2
 Momentum Strike          Conj/Tloc      0%         3d8       92%         2
 Gell's Gravitas          Tloc           0%         N/A       99%         3
 Portal Projectile        Hex/Tloc       0%         N/A       99%         3
 Teleport Other           Tloc           0%         N/A       99%         3
 Tukima's Dance           Hex            0%         N/A       99%         3
 Blade Hands              Tmut           0%         N/A       100%        5
 Fireball                 Conj/Fire      0%         3d3       100%        5
 Iskenderun's Battlesphe  Conj           0%         2d6       100%        5
 Conjure Ball Lightning   Conj/Air       0%         3x3d6     100%        6
 Orb of Destruction       Conj           0%         9d5       100%        7


Dungeon Overview and Level Annotations

Branches:
Dungeon (4/15)
 Temple: D:4-7

Altars:
Kikubaaqudgha
Ru
Yredelemnul

Annotations:
D:4 Eustachio


Innate Abilities, Weirdness & Mutations

You have a pair of horns on your head.
A weak demonic guardian rushes to your aid.
You cannot be stealthy.


Message History

The ufetubus disappears in a puff of smoke!
The crimson imp blinks!
You slash Eustachio!
Eustachio is almost dead.
You closely miss the crimson imp. The crimson imp hits you.
* * * LOW HITPOINT WARNING * * *
The crimson imp spits at you.
Eustachio hits you with a +1 rapier of holy wrath.
* * * LOW HITPOINT WARNING * * *
A demonic guardian appears!
You convulse.
* * * LOW HITPOINT WARNING * * *
You feel better.
The crimson imp hits you but does no damage.
Eustachio hits you with a +1 rapier of holy wrath.
* * * LOW HITPOINT WARNING * * *
You convulse.
* * * LOW HITPOINT WARNING * * *
You closely miss Eustachio. Your headbutt misses Eustachio.
Eustachio is almost dead.
You barely miss the crimson imp. You closely miss the crimson imp.
The crimson imp closely misses you.
The crimson imp blinks!
Eustachio hits you but does no damage.
Your ufetubus misses Eustachio.
Your ufetubus closely misses Eustachio.
The crimson imp hits you.
* * * LOW HITPOINT WARNING * * *
You closely miss Eustachio.
Eustachio is almost dead.
You hit the crimson imp. You miss the crimson imp.
Your ufetubus misses Eustachio.
Your ufetubus barely misses Eustachio.
Eustachio hits you with a +1 rapier of holy wrath.
* * * LOW HITPOINT WARNING * * *
You convulse.
* * * LOW HITPOINT WARNING * * *
Your ufetubus hits Eustachio.
Your ufetubus completely misses Eustachio.
The crimson imp spits at you. The crimson imp hits you.
* * * LOW HITPOINT WARNING * * *
The crimson imp barely misses you.
Eustachio hits you with a +1 rapier of holy wrath.
You die...

# #. #.. ####
#..##..##
#.......###
#..$....<.##
##....†....##
#.!.5@5....#
#....§@5.....#
................
##..............#
#.............$#
#..............#
#.............
#............$


You could see Eustachio (ally target), 2 crimson imps and a friendly ufetubus
(summoned).

Vanquished Creatures
  Jessica (D:3)
  A scorpion zombie (D:3)
  2 adders
  A dart slug (D:2)
  5 orcs (D:3)
  5 ball pythons
  9 bats
  10 endoplasms
  2 giant cockroaches
  8 goblins
  6 hobgoblins
  8 jackals
  A ball python zombie (D:3)
  A frilled lizard (D:2)
  A giant cockroach zombie (D:3)
  7 kobolds
  4 rats
72 creatures vanquished.

Notes
Turn   | Place    | Note
-------+----------+-------------------------------------------
     0 | D:1      | Sabo the Demonspawn Gladiator began the quest for the Orb.
     0 | D:1      | Reached XP level 1. HP: 16/16 MP: 1/1
   272 | D:1      | Gained mutation: You have a pair of small horns on your
                  | head. [demonic ancestry]
   272 | D:1      | Reached XP level 2. HP: 22/22 MP: 2/2
   400 | D:1      | Reached skill level 3 in Axes
   834 | D:1      | Reached XP level 3. HP: 27/27 MP: 3/3
  1624 | D:2      | Found a sacrificial altar of Ru.
  1741 | D:2      | Became a worshipper of Ru the Awakened
  2326 | D:3      | Reached skill level 1 in Armour
  2326 | D:3      | Gained mutation: You have a pair of horns on your head.
                  | [demonic ancestry]
  2326 | D:3      | Reached XP level 4. HP: 30/34 MP: 2/4
  2360 | D:3      | Found a basalt altar of Yredelemnul.
  2496 | D:3      | You fall into a shaft and drop 1 floor!
  2831 | D:3      | Gained mutation: You cannot be stealthy. [Ru sacrifice]
  2959 | D:3      | Found an ancient bone altar of Kikubaaqudgha.
  3117 | D:3      | Noticed Jessica
  3124 | D:3      | Killed Jessica
  3125 | D:3      | Gained mutation: A weak demonic guardian rushes to your
                  | aid. [demonic ancestry]
  3125 | D:3      | Reached XP level 5. HP: 32/39 MP: 3/5
  3217 | D:3      | Reached skill level 4 in Axes
  3297 | D:4      | Noticed Eustachio
  3320 | D:4      | Slain by Eustachio

Illustrated notes

Levels and vault maps discovered:
D:1:      zaba_arrival_water, layout_loops_corners, minmay_misc_feat_tiny
D:2:      layout_loops_ring, basic_altar
D:3:      layout_loops_corners, nicolae_yredelemnul_corpse_copse,
          mainiacjoe_overflow_alcove_1, uniq_jessica
D:4:      layout_cave_pods, minmay_temple_entry_gardened_gates, serial_shops,
          nicolae_square_shop, uniq_crazy_yiuf_cottage, uniq_eustachio

Skill      XL: |  1  2  3  4  5 |
---------------+----------------+-----
Dodging        | 3 |  3.2
Axes           | 3 4 |  4.0
Armour         | 1 2 |  2.1
Fighting       | |  2.5
Throwing       | |  1.9

Action                     |  1- 3 |  4- 6 || total
---------------------------+-------+-------++-------
  Melee: War axe           |   116 |    58 ||   174
         Headbutt          |    12 |     5 ||    17
 Invoke: Sacrifice Stealth |       |     1 ||     1
    Use: Scroll            |     1 |     3 ||     4
         Potion            |     1 |     1 ||     2
   Stab: Sleeping          |     1 |       ||     1
 Armour: Leather armour    |    11 |       ||    11
         Scale mail        |    45 |    47 ||    92
  Dodge: Dodged            |    88 |    56 ||   144
